 Dungeon Crawl Stone Soup version 0.25-a0-420-g1cc7eeb (webtiles) character file.

Game seed: 17894850179866693279, levelgen mode: deterministic

26 Kurtz the Skirmisher (level 2, -1/24 HPs)
             Began as a Mummy Chaos Knight on Jan 18, 2020.
             Was a Plaything of Xom.
             Slain by a hobgoblin
             ... wielding a +0 club
              (2 damage)
             ... on level 1 of the Dungeon.
             The game lasted 00:00:29 (280 turns).

Kurtz the Skirmisher (Mummy Chaos Knight)            Turns: 280, Time: 00:00:30

Health: -1/24      AC:  5    Str: 15    XL:     2   Next: 89%
Magic:  2/2        EV: 11    Int: 11    God:    Xom [..*...]
Gold:   9          SH:  0    Dex: 11    Spells: 1/1 levels left

rFire    x . .     SeeInvis .   a - +0 hand axe (chaos)
rCold    + . .     Gourm    .   (no shield)
rNeg     + + +     Faith    .   b - +2 leather armour
rPois    ∞         Spirit   .   (no helmet)
rElec    .         Reflect  .   (no cloak)
rCorr    .         Harm     .   (no gloves)
MR       .....                  (no boots)
Stlth    +.........             (no amulet)
HPRegen  0.08/turn              (no ring)
MPRegen  0.08/turn              (no ring)

@: no status effects
A: no food or potions, fire vulnerability, cold resistance 1, negative energy
resistance 3, torment resistance, unbreathing
a: Renounce Religion


You were on level 1 of the Dungeon.
You worshipped Xom.
You were a toy of Xom.
You were not hungry.

You visited 1 branch of the dungeon, and saw 1 of its levels.

You collected 9 gold pieces.

Inventory:

Hand Weapons
 a - a +0 hand axe of chaos (weapon)
Missiles
 d - 13 poisoned darts (quivered)
Armour
 b - a +2 leather armour (worn)
Scrolls
 c - a scroll of amnesia {unknown}


   Skills:
 * Level 3.5 Fighting
 * Level 3.0 Axes
 - Level 1.5 Armour
 - Level 0.7 Dodging


You had one spell level left.
You didn't know any spells.
Your spell library was empty.

Dungeon Overview and Level Annotations

Branches:
Dungeon (1/15)

Altars:


Innate Abilities, Weirdness & Mutations

You do not eat or drink.
Your flesh is vulnerable to fire.
You are immune to poison.
Your flesh is cold resistant. (rC+)
You are immune to negative energy. (rN+++)
You are immune to unholy pain and torment.
You can survive without breathing.


Message History

* * * LOW HITPOINT WARNING * * *
You hit the hobgoblin.
The hobgoblin seems to speed up.
Xom is highly amused!
The hobgoblin is severely wounded.
The hobgoblin hits you with a +0 club.
* * * LOW HITPOINT WARNING * * *
The hobgoblin closely misses you.
You barely miss the hobgoblin.
The hobgoblin is severely wounded.
You closely miss the hobgoblin. The hobgoblin completely misses you.
The hobgoblin hits you.
* * * LOW HITPOINT WARNING * * *
Unknown command.
The hobgoblin hits you but does no damage.
The hobgoblin barely misses you.
Found a stone staircase leading down.
The hobgoblin hits you but does no damage.
The hobgoblin barely misses you. The hobgoblin hits you with a +0 club.
You die...

###..............#......##.##.#
...........#...#..##..##.##.#
......................##.##.# .
......................##.##.#
..........(.........#...##.##.#
.............##g........##.##.#
# #..................... #.##.#
#.............g#..#...
#.........###.@# .#
#.......).........#
..................#
...........$.....>#
.#..............#.#
#..............#..
........?.......# #.
.......$........# .#
.........#.....


You could see 2 hobgoblins.

Vanquished Creatures
  A dart slug (D:1)
  2 leopard geckos (D:1)
  A ball python (D:1)
  2 giant cockroaches (D:1)
  2 goblins (D:1)
  3 hobgoblins (D:1)
  4 bats (D:1)
  2 frilled lizards (D:1)
  3 kobolds (D:1)
20 creatures vanquished.

Notes
Turn   | Place    | Note
-------+----------+-------------------------------------------
     0 | D:1      | Kurtz the Mummy Chaos Knight began the quest for the Orb.
     0 | D:1      | Reached XP level 1. HP: 18/18 MP: 1/1
    15 | D:1      | XOM: silly message
    93 | D:1      | XOM: potion effect (invisibility)
   119 | D:1      | Reached XP level 2. HP: 24/24 MP: 2/2
   264 | D:1      | XOM: divination: detect creatures
   270 | D:1      | HP: 1/24 [hobgoblin (1)]
   280 | D:1      | Slain by a hobgoblin

Levels and vault maps discovered:
D:1:      roderic_crossed_star, layout_basic

Skill      XL: |  1  2 |
---------------+-------+-----
Axes           | 3 |  3.0
Fighting       | |  3.5
Armour         | |  1.5
Dodging        | |  0.7

Action                   || total
-------------------------++-------
Melee: Hand axe          ||    63
 Stab: Invisible         ||     3
       Paralysed         ||     1
Armor: Leather armour    ||    25
Dodge: Dodged            ||    47

Table legend:
 A = Non-vault XP
 B = Vault XP
 C = Vault XP percentage of total XP
 D = Non-vault monster count
 E = Vault monster count
 F = Vault count percentage of total count
                 A         B        C        D         E       F
            +---------+---------+-------+---------+---------+-------
      Total |      38 |       0 |   0.0 |      20 |       0 |   0.0
            +---------+---------+-------+---------+---------+-------
        D:1 |      38 |       0 |   0.0 |      20 |       0 |   0.0
            +---------+---------+-------+---------+---------+-------
